 Seeded DCSS version 0.30.1-9-gdf580d7c3d (webtiles) character file.

Game seed: 7229806256980976716 (custom seed)

2785 Psyclone the Tainter (level 9, -4/63 HPs)
             Began as an Octopode Venom Mage on Oct 3, 2023.
             Slain by an orc warlord
             ... wielding a +5 executioner's axe
              (40 damage)
             ... in a bailey.
             The game lasted 00:14:47 (4825 turns).

Psyclone the Tainter (Octopode Venom Mage)          Turns: 4825, Time: 00:14:48

Health: -4/63      AC:  4    Str: 11    XL:     9   Next: 70%
Magic:  14/30      EV: 12    Int: 29    God:
Gold:   246        SH:  0    Dex:  7    Spells: 11/24 levels left

rFire   + . .        a - +3 Elemental Staff {rElec rF+ rC+ AC+3}
rCold   + + +        (no shield)
rNeg    . . .        (helmet restricted)
rPois   +            (no amulet)
rElec   +            e - ring of the Mage {Wiz Archmagi}
rCorr   .            f - ring "Yjoxom" {Contam rPois rC++ MP+9 Int+8 Dex-4}
SInv    +            (no ring)
Will    .....        (no ring)
Stlth   +++          (no ring)
HPRegen 0.30/turn    (no ring)
MPRegen 0.22/turn    (no ring)
                     (no ring)

%: wizardry (x1), archmagi
@: no status effects
A: almost no armour, amphibious, 8 rings, camouflage 1, gelatinous body 1,
(nimble swimmer 1), tentacles, see invisible, strong 1, wild magic 1
a: no special abilities


You were in a bailey.
You visited 1 branch of the dungeon, and saw 7 of its levels.
You also visited: Ossuary and Bailey.

You collected 246 gold pieces.

Inventory:

Hand Weapons
 a - the +3 Elemental Staff (weapon) {rElec rF+ rC+ AC+3}
   (You acquired it on level 1 of the Dungeon)

   It enhances your fire, ice, earth and air magic.
   AC:        It affects your AC (+3).
   rF:        It protects you from fire.
   rC:        It protects you from cold.
   rElec:     It insulates you from electricity.
Missiles
 h - a throwing net {!f}
Jewellery
 e - the ring of the Mage (left tentacle) {Wiz Archmagi}
   (You acquired it on level 1 of the Dungeon)

   [ring of wizardry]

   It improves your spell success rate.
   Archmagi:  It increases the power of your magical spells.
 f - the ring "Yjoxom" (right tentacle) {Contam rPois rC++ MP+9 Int+8 Dex-4}
   (You acquired it on level 1 of the Dungeon)

   [ring of magical power]

   Int:       It affects your intelligence (+8).
   Dex:       It affects your dexterity (-4).
   rC:        It greatly protects you from cold.
   rPois:     It protects you from poison.
   MP:        It affects your magic capacity (+9).
   Contam:    It causes magical contamination when unequipped.
Scrolls
 b - 3 scrolls of amnesia {unknown}
 d - 2 scrolls of blinking {unknown}
 g - 8 scrolls of identify {unknown}
 j - 2 scrolls of enchant armour {unknown}
 k - a scroll of teleportation {unknown}
 o - a scroll of poison {unknown}
 s - a scroll of brand weapon {unknown}
 v - 3 scrolls of vulnerability {unknown}
 w - a scroll of fog {unknown}
 x - a scroll of butterflies {unknown}
 y - 2 scrolls of silence {unknown}
 C - 2 scrolls of magic mapping {unknown}
 F - a scroll of fear {unknown}
Potions
 c - a potion of magic
 i - 4 potions of might {unknown}
 l - 4 potions of curing
 m - a potion of invisibility {unknown}
 n - 3 potions of brilliance {unknown}
 p - 3 potions of mutation
 q - 2 potions of cancellation {unknown}
 r - 4 potions of attraction {unknown}
 t - a potion of lignification {unknown}
 u - 3 potions of heal wounds {unknown}
 z - a potion of berserk rage {unknown}
 A - a potion of ambrosia {unknown}
 B - a potion of degeneration {unknown}
 D - 2 potions of flight {unknown}
 E - a potion of resistance {unknown}
 G - a potion of haste {unknown}


   Skills:
 + Level 6.7 Fighting
 - Level 2.0 Dodging
 - Level 2.6 Stealth
 - Level 8.0 Spellcasting
 - Level 4.0 Necromancy
 - Level 1.0 Transmutations
 - Level 8.0 Poison Magic


You had 11 spell levels left.
You knew the following spells:

 Your Spells              Type           Power      Damage    Failure   Level
a - Poisonous Vapours     Pois/Air       100%       N/A       1%          2
b - Dispel Undead         Necr           61%        3d21      5%          4
v - Sting                 Tmut/Pois      100%       1d8       1%          1
x - Olgreb's Toxic Radia  Pois           85%        N/A       1%          4
y - Cigotuvi's Dreadful   Necr/Pois/Air  100%       N/A       1%          2

Your spell library contained the following spells:

 Spells                   Type           Power      Damage    Failure   Level
 Mephitic Cloud           Conj/Pois/Air  68%        N/A       3%          3
 Petrify                  Tmut/Erth      42%        N/A       21%         4
 Freezing Cloud           Conj/Ice/Air   25%        6-21      50%         5
 Metabolic Englaciation   Hex/Ice        16%        N/A       50%         5
 Death Channel            Necr           30%        N/A       52%         6
 Statue Form              Tmut/Erth      28%        N/A       92%         6


Dungeon Overview and Level Annotations

Branches:
Dungeon (7/15) Zot: 26962  Temple (0/1) D:4         Ossuary (visited)
 Bailey (1/1) Zot: 5758

Altars:
Elyvilon
Qazlal
Zin
The Shining One

Annotations:
D:3 3 runed translucent doors, SweetJohnnyV's ghost, amateur MiBe


Innate Abilities, Weirdness & Mutations

You cannot wear most types of armour.
You are amphibious.
You can wear up to eight rings at the same time.
Your skin changes colour to match your surroundings (Stealth+).
Your rubbery body absorbs attacks. (AC +1, EV +1)
((You are camouflaged when in or above water. (Stealth+)))
You have tentacles for arms and can constrict up to eight enemies at once.
You have supernaturally acute eyesight. (SInv)
Your muscles are strong. (Str +4, Int/Dex -1)
Your spells are a little harder to cast, but a little more powerful.


Message History

Aiming: Poisonous Vapours (safe; 1% risk of failure)
Press: ? - help, Dir - move target, f/p - orc warlord
Aim: an orc warlord, wielding a +5 executioner's axe and wearing a +0 chain mail (heavily wounded, strong, extremely poisoned)
Okay, then.
There is an open door, spattered with blood here.
Casting: Poisonous Vapours (safe; 1% risk of failure)
Confirm with . or Enter, or press ? or * to list all spells.
You feel a strong surge of power!
A part of your flesh rots into a cloud of miasma!
You feel drained.
The orc knight no longer looks unusually strong.
The orc warlord roars a battlecry!
The orc knight goes into a battle-frenzy!
You now have 16/30 mp.
Casting: Cigotuvi's Dreadful Rot (safe; 1% risk of failure)
Confirm with . or Enter, or press ? or * to list all spells.
Aiming: Poisonous Vapours (safe; 1% risk of failure)
Press: ? - help, Dir - move target, f - orc knight
Aim: an orc knight, wielding a +3 war axe and wearing a +0 ring mail (almost dead, strong, very poisoned)
You feel a strong surge of power!
Poisonous vapours surround the orc knight!
The orc knight looks as sick as possible!
You now have 15/30 mp.
Casting: Poisonous Vapours (safe; 1% risk of failure)
Confirm with . or Enter, or press ? or * to list all spells.
Aiming: Poisonous Vapours (safe; 1% risk of failure)
Press: ? - help, Dir - move target, f - orc warlord, p - orc knight
Aim: an orc warlord, wielding a +5 executioner's axe and wearing a +0 chain mail (heavily wounded, strong, very poisoned)
You feel a strong surge of power!
Poisonous vapours surround the orc warlord!
The orc warlord looks as sick as possible!
You kill the orc knight!
Your life force feels restored.
Your Fighting skill increases to level 6!
You now have 13/30 mp.
There is a fountain of clear blue water here.
The orc warlord attacks as you move away!
The orc warlord hits you with a +5 executioner's axe!!!
Ouch! That really hurt!
You die...

#....)..#
##.........##.....##
...........####'##
#.........##.)...##
#.........#.......#
#..)....##.......##
..)))..#.)...)...#
#)))###....)....##
###'###....)@.....#
##88.88##...o.....##
#.......#.........#
##....)..##)......##
+..)).....'.......#
##....)...)##.....##
#.....⌠.....#######
##.........##
#.........#


You could see an orc warlord (strong, extremely poisoned).

Vanquished Creatures
  An orc knight (Bailey)
  11 orc warriors (Bailey)
  2 hornet zombies (Ossuary)
  A scorpion (D:4)
  2 wyvern zombies (Ossuary)
  2 water moccasin zombies (Ossuary)
  3 bullfrog zombies (Ossuary)
  2 centaur zombies (Ossuary)
  A jelly (D:2)
  An orc priest (D:6)
  A sleepcap (D:4)
  3 killer bee zombies (Ossuary)
  16 mummies
  2 howler monkey zombies (Ossuary)
  3 gnolls (Bailey)
  7 adders
  2 ufetubi
  3 worms
  9 orcs
  5 bats
  4 endoplasms
  5 giant cockroaches
  13 goblins
  12 hobgoblins
  20 jackals
  A kobold (D:4)
  4 quokkas
  6 ball pythons
  A frilled lizard (D:1)
  A goblin zombie (D:4)
  An orc zombie (D:4)
  4 rats
149 creatures vanquished.

Notes
Turn   | Place    | Note
-------+----------+-------------------------------------------
     0 | D:1      | Psyclone the Octopode Venom Mage began the quest for the
                  | Orb.
     0 | D:1      | Reached XP level 1. HP: 11/11 MP: 3/3
    80 | D:1      | Identified 3 scrolls of acquirement
    80 | D:1      | Acquired the ring of the Mage {Wiz Archmagi}
    80 | D:1      | Found the ring of the Mage {Wiz Archmagi}
    86 | D:1      | Acquired the ring "Yjoxom" {Contam rPois rC++ MP+9 Int+8
                  | Dex-4}
   207 | D:1      | Acquired the +3 Elemental Staff {rElec rF+ rC+ AC+3}
   207 | D:1      | Found the +3 Elemental Staff {rElec rF+ rC+ AC+3}
   478 | D:1      | Gained mutation: Your spells are a little harder to cast,
                  | but a little more powerful. [potion of mutation]
   478 | D:1      | Gained mutation: Your muscles are strong. (Str +4, Int/Dex
                  | -1) [potion of mutation]
   478 | D:1      | Gained mutation: You have supernaturally acute eyesight.
                  | (SInv) [potion of mutation]
   761 | D:1      | Reached skill level 1 in Necromancy
   762 | D:1      | Reached XP level 2. HP: 15/17 MP: 5/5
   782 | D:1      | Learned a level 2 spell: Poisonous Vapours
  1055 | D:1      | Reached XP level 3. HP: 15/21 MP: 6/6
  1466 | D:2      | Reached XP level 4. HP: 25/27 MP: 8/8
  1871 | D:2      | Reached XP level 5. HP: 31/31 MP: 9/9
  2275 | D:3      | Found a runed translucent gate.
  2275 | D:3      | Found a runed translucent gate.
  2275 | D:3      | Found a runed translucent gate.
  2574 | D:3      | Found a glowing silver altar of Zin.
  2783 | D:3      | Noticed SweetJohnnyV's ghost (amateur MiBe)
  2860 | D:4      | Found a white marble altar of Elyvilon.
  2917 | D:4      | Found a glowing golden altar of the Shining One.
  3045 | D:4      | Reached XP level 6. HP: 13/36 MP: 12/12
  3199 | D:4      | Found a stormy altar of Qazlal.
  3219 | D:4      | Found a staircase to the Ecumenical Temple.
  3248 | D:4      | Learned a level 4 spell: Dispel Undead
  3253 | D:4      | Learned a level 4 spell: Olgreb's Toxic Radiance
  3267 | D:4      | Found a sand-covered staircase.
  3295 | Ossuary  | Entered an ossuary
  3396 | Ossuary  | Reached skill level 5 in Spellcasting
  3506 | Ossuary  | Reached XP level 7. HP: 41/41 MP: 15/15
  3841 | Ossuary  | Reached skill level 5 in Poison Magic
  3928 | Ossuary  | Reached XP level 8. HP: 46/46 MP: 17/17
  4365 | D:5      | Entered Level 5 of the Dungeon
  4572 | D:7      | Found a flagged portal.
  4585 | Bailey   | Entered a bailey
  4672 | Bailey   | Reached XP level 9. HP: 51/51 MP: 20/20
  4677 | Bailey   | Reached skill level 1 in Fighting
  4759 | Bailey   | Learned a level 2 spell: Cigotuvi's Dreadful Rot
  4796 | Bailey   | Noticed an orc warlord
  4797 | Bailey   | Noticed an orc knight
  4807 | Bailey   | Reached skill level 5 in Fighting
  4820 | Bailey   | Killed an orc knight
  4825 | Bailey   | Slain by an orc warlord

Illustrated notes

Levels and vault maps discovered:
D:1:      spicycebolla_arrival_ecumenical, layout_loops_ring
D:2:      layout_basic
D:3:      layout_rooms, mainiacjoe_overflow_paths, gammafunk_ghost_necromancy
D:4:      layout_rooms, tso_metal_star, mainiacjoe_overflow_catwalk,
          elyvilon_altar_5, minmay_temple_entry_stoned_glass,
          nicolae_ossuary_entry_giza, minmay_misc_feat_square, minivault_4
D:5:      layout_basic
D:6:      kennysheep_six_static_rooms, layout_basic, serial_shops,
          nicolae_shop_stone, serial_bayou_lagoon_b
D:7:      layout_basic, enter_bailey_2
Bailey:   bailey_axe_minmay_hex_keep, bailey

Skill      XL: |  1  2  3  4  5  6  7  8  9 |
---------------+----------------------------+-----
Necromancy     | 1 2 3 4 |  4.0
Spellcasting   | 3 4 5 6 7 8 |  8.0
Poison Magic   | 5 8 |  8.0
Fighting       | 6 |  6.7
Dodging        | |  2.0
Stealth        | |  2.6
Transmutations | |  1.0

Action                     |  1- 3 |  4- 6 |  7- 9 || total
---------------------------+-------+-------+-------++-------
  Melee: Staff             |    43 |    82 |    23 ||   148
         Constrict         |    14 |    19 |     6 ||    39
         Tentacles         |     8 |    18 |     6 ||    32
         Punch             |     1 |       |       ||     1
   Cast: Sting             |     4 |     9 |       ||    13
         Poisonous Vapours |    17 |    28 |    11 ||    56
         Dispel Undead     |       |     9 |    30 ||    39
         Olgreb's Toxic Ra |       |       |     7 ||     7
         Cigotuvi's Dreadf |       |       |     3 ||     3
    Use: Scroll            |     3 |       |       ||     3
         Potion            |     1 |     1 |       ||     2
   Stab: Sleeping          |     2 |     9 |       ||    11
 Armour: Skin              |    10 |    45 |     6 ||    61
  Dodge: Dodged            |    30 |    93 |    22 ||   145
